 Dungeon Crawl Stone Soup version 0.18.1-48-g4cf74bf (console) character file.

602 Kloppie the Skirmisher (level 7, -1/63 HPs)
             Began as a Centaur Fighter on July 31, 2016.
             Slain by an orc
             ... wielding a +2 hand axe of electrocution
              (17 damage)
             ... on level 4 of the Dungeon.
             The game lasted 00:07:15 (3479 turns).

Kloppie the Skirmisher (Centaur Fighter)            Turns: 3479, Time: 00:07:16

Health: -1/63      AC:  8    Str: 18    XL:     7   Next: 18%
Magic:  7/7        EV:  7    Int:  7    God:
Gold:   116        SH:  0    Dex: 11    Spells: 0 memorised, 6 levels left

rFire  . . .     SeeInvis .     a - +0 trident
rCold  + . .     Gourm    .     t - +1 scale mail {rC+}
rNeg   . . .     Faith    .     (no shield)
rPois  .         Spirit   .     j - +0 helmet
rElec  .         Dismiss  .     (no cloak)
rCorr  .         Reflect  .     (no gloves)
SustAt .         Harm     .     (no barding)
MR     .....     Rnd*Tele +     (no amulet)
Stlth  ..........               w - ring of teleportation (curse)
                                h - ring of loudness (curse)

@: heavily drained, very quick, not resistant to hostile enchantments, extremely
unstealthy
A: hooves 3, deformed body, speed 2, tough skin 3
a: no special abilities


You were on level 4 of the Dungeon.
You were not hungry.

You visited 1 branch of the dungeon, and saw 4 of its levels.

You collected 116 gold pieces.

Inventory:

Hand Weapons
 a - a +0 trident (weapon)
Armour
 c - a +0 shield
 j - a +0 helmet (worn)
 p - a cursed +0 chain mail
 t - a +1 scale mail of cold resistance (worn)
Jewellery
 h - a cursed ring of loudness (left hand)
 n - an uncursed ring of wizardry
 w - a cursed ring of teleportation (right hand)
Wands
 v - a wand of random effects (42/48)
Scrolls
 i - a scroll of identify
 m - a scroll of fear
 q - 2 scrolls of teleportation
 r - 2 scrolls of magic mapping
Potions
 e - 3 potions of curing
 l - a potion of magic
 o - 2 potions of heal wounds
 u - a potion of brilliance
Comestibles
 d - 4 fruits
 f - 2 bread rations
 g - a beef jerky
 k - 2 meat rations


   Skills:
 + Level 6.2(4.0) Fighting
 + Level 5.3(3.2) Polearms
 - Level 2.1(0.2) Armour
 - Level 2.1(0.2) Shields


You had 6 spell levels left.
You didn't know any spells.

Dungeon Overview and Level Annotations

Branches:
Dungeon (4/15)
 Temple: D:4-7

Altars:
Pakellas

Shops:
D:4 [


Innate Abilities, Weirdness & Mutations

You have hooves in place of feet.
Armour fits poorly on your strangely shaped body.
You cover ground very quickly.
You have extremely tough skin (AC +3).


Message History

Press: ? - help, Dir - move target cursor, f - orc
Aim: an orc, wielding a flail You reach to attack!
You barely miss the orc. The orc hits you with a flail.
You hit the orc. You kick the orc.
You kill the orc!
The orc hits you but does no damage.
You hit the orc. Your kick misses the orc.
The orc is heavily wounded.
The orc hits you with a hand axe of electrocution.
You are electrocuted!
* * * LOW HITPOINT WARNING * * *
You are too injured to fight recklessly!
You are too injured to fight recklessly!
You are too injured to fight recklessly!
You barely miss the orc.
The orc is heavily wounded.
The orc hits you with a hand axe of electrocution.
* * * LOW HITPOINT WARNING * * *
You are electrocuted!
You die...

#... ### ##.. ##...
#####. #..# #.....
##.# #....>
###..#####..... #
#.............. .
######....#####.....
# #..@o[.#### ##.###
# #..####.### #.# #
#...##....(.## #.# #
...###....o...## #.#
.# #.....o...∩# #.#
### #.....o....# ..#
..... #..........#
.# #.$........# ##
#..........#


You could see an orc.

Vanquished Creatures
  Edmund (D:3)
  A phantom (D:3)
  The ghost of Tagedieb the Sneak, an amateur NaAs of Cheibriados (D:3)
  The ghost of archiater the Slasher, an amateur FoFi (D:4)
  A howler monkey (D:3)
  3 orc wizards (D:3)
  3 adders
  An ooze (D:4)
  3 worms
  3 giant geckos
  7 orcs
  A giant cockroach (D:3)
  5 goblins
  7 hobgoblins
  6 jackals
  8 kobolds
  7 bats
  A giant gecko skeleton (D:4)
  5 giant newts
  10 rats
75 creatures vanquished.

Notes
Turn   | Place    | Note
--------------------------------------------------------------
     0 | D:1      | Kloppie the Centaur Fighter began the quest for the Orb.
     0 | D:1      | Reached XP level 1. HP: 19/19 MP: 1/1
   344 | D:1      | Reached XP level 2. HP: 26/26 MP: 2/2
   917 | D:2      | Reached XP level 3. HP: 33/33 MP: 3/3
  1519 | D:3      | Reached skill level 4 in Fighting
  1538 | D:3      | Found an oddly glowing altar of Pakellas.
  1542 | D:3      | Noticed Tagedieb's ghost (amateur NaAs)
  1564 | D:3      | Killed Tagedieb's ghost
  1564 | D:3      | Reached XP level 4. HP: 38/41 MP: 4/4
  1564 | D:3      | Reached XP level 5. HP: 43/47 MP: 5/5
  1964 | D:4      | Noticed a phantom
  2275 | D:3      | Killed a phantom
  2275 | D:3      | Reached skill level 5 in Fighting
  2275 | D:3      | Reached XP level 6. HP: 38/56 MP: 6/6
  2384 | D:4      | Noticed archiater's ghost (amateur FoFi)
  2923 | D:4      | Noticed Edmund
  3014 | D:3      | Killed Edmund
  3014 | D:3      | Reached skill level 6 in Fighting
  3014 | D:3      | Reached skill level 5 in Polearms
  3146 | D:4      | Reached XP level 7. HP: 60/63 MP: 7/7
  3167 | D:4      | Found Ereifos's Antique Armour Emporium.
  3204 | D:4      | Killed archiater's ghost
  3479 | D:4      | Slain by an orc

Skill      XL: |  1  2  3  4  5  6 |
---------------+-------------------+-----
Polearms       | 2 3 4 5 |  5.3
Fighting       | 4 5 6 |  6.2
Armour         | |  2.1
Shields        | |  2.1

Action                   |  1- 3 |  4- 6 |  7- 9 || total
-------------------------+-------+-------+-------++-------
Melee: Trident           |   147 |   145 |    30 ||   322
       Kick              |    21 |    23 |     8 ||    52
  Use: Potion            |     1 |       |       ||     1
       Scroll            |       |     8 |       ||     8
  Eat: Chunk             |     1 |     5 |     1 ||     7
Armor: Scale mail        |    70 |    89 |    15 ||   174
Dodge: Dodged            |    38 |    52 |     9 ||    99
